 Dungeon Crawl Stone Soup version 0.29.1-15-g9cfb28693d (webtiles) character file.

Game seed: 431041922122362443

198 Alturiack the Stinger (level 5, -3/24 HPs)
             Began as a Spriggan Venom Mage on Apr 11, 2023.
             Slain by a mummy (15 damage)
             ... on level 4 of the Dungeon.
             The game lasted 00:12:35 (4564 turns).

Alturiack the Stinger (Spriggan Venom Mage)         Turns: 4564, Time: 00:12:36

Health: -3/24      AC:  2    Str:  4    XL:     5   Next: 47%
Magic:  9/12       EV: 21    Int: 17    God:
Gold:   138        SH:  0    Dex: 17    Spells: 6/13 levels left

rFire   . . .      SeeInvis +   d - staff of poison
rCold   . . .      Faith    .   (shield currently unavailable)
rNeg    . . .      Spirit   .   a - +0 robe
rPois   +          Reflect  .   (helmet restricted)
rElec   .          Harm     .   (no cloak)
rCorr   .          Rampage  .   (gloves unavailable)
Will    .....                   (boots unavailable)
Stlth   ++........              j - amulet of regeneration
HPRegen 0.88/turn               t - +4 ring of evasion
MPRegen 0.13/turn               (no ring)

@: very quick
A: very small, no large weapons, unfitting armour, see invisible, speed 3
a: no special abilities


You were on level 4 of the Dungeon.
You visited 1 branch of the dungeon, and saw 4 of its levels.
You also visited: Ossuary.

You collected 138 gold pieces.

Inventory:

Armour
 a - a +0 robe (worn)
Magical Staves
 d - a staff of poison (weapon)
Jewellery
 j - an amulet of regeneration (around neck)
 t - a +4 ring of evasion (left hand)
Wands
 l - a wand of flame (19)
Scrolls
 e - 3 scrolls of teleportation {unknown}
 f - 2 scrolls of amnesia {unknown}
 g - 3 scrolls of identify {unknown}
 k - 3 scrolls of poison {unknown}
 n - a scroll of brand weapon {unknown}
 p - a scroll of fear {unknown}
 r - 2 scrolls of enchant armour {unknown}
 s - a scroll of summoning {unknown}
 u - a scroll of silence {unknown}
Potions
 b - a potion of magic
 c - a potion of ambrosia {unknown}
 h - 2 potions of mutation {unknown}
 i - 3 potions of curing {unknown}
 m - 6 potions of might {unknown}
 o - a potion of berserk rage {unknown}
 q - 2 potions of heal wounds {unknown}


   Skills:
 - Level 2.6 Dodging
 - Level 3.0 Stealth
 + Level 4.5 Spellcasting
 - Level 1.3 Transmutations
 * Level 5.4 Poison Magic


You had 6 spell levels left.
You knew the following spells:

 Your Spells              Type           Power      Damage    Failure   Level
a - Sting                 Tmut/Pois      92%        1d7       3%          1
b - Poisonous Vapours     Pois/Air       38%        N/A       8%          2
c - Olgreb's Toxic Radia  Pois           33%        N/A       16%         4

Your spell library contained the following spells:

 Spells                   Type           Power      Damage    Failure   Level
 Blink                    Tloc           6%         N/A       22%         2
 Mephitic Cloud           Conj/Pois/Air  15%        N/A       22%         3
 Lesser Beckoning         Tloc           3%         N/A       41%         3
 Manifold Assault         Tloc           3%         N/A       99%         5


Dungeon Overview and Level Annotations

Branches:
Dungeon (4/15)            Ossuary (visited)
 Temple: D:4-7

Altars:

Annotations:
D:4 2 transporters, Groucho's ghost, amateur DESu


Innate Abilities, Weirdness & Mutations

You are very small and have problems with some larger weapons.
You are too small for most types of armour.
You have supernaturally acute eyesight. (SInv)
You cover ground extremely quickly. (Speed+++)


Message History

Confirm with . or Enter, or press ? or * to list all spells.
You can't see any susceptible monsters within range! (Use Z to cast anyway.)
Casting: Sting (safe; 3% risk of failure)
Confirm with . or Enter, or press ? or * to list all spells.
You can't see any susceptible monsters within range! (Use Z to cast anyway.)
Casting: Sting (safe; 3% risk of failure)
Confirm with . or Enter, or press ? or * to list all spells.
You can't see any susceptible monsters within range! (Use Z to cast anyway.)
Casting: Sting (safe; 3% risk of failure)
Confirm with . or Enter, or press ? or * to list all spells.
You can't see any susceptible monsters within range! (Use Z to cast anyway.)
Casting: Sting (safe; 3% risk of failure)
Confirm with . or Enter, or press ? or * to list all spells.
You can't see any susceptible monsters within range! (Use Z to cast anyway.)
You hit the mummy but do no damage.
The mummy is lightly damaged.
The mummy misses you.
You hit the mummy.
The mummy is lightly damaged.
The mummy misses you.
You hit the mummy.
The mummy is moderately damaged.
The mummy misses you.
You hit the mummy.
The mummy is moderately damaged.
The mummy barely misses you.
You hit the mummy but do no damage.
The mummy is moderately damaged.
The mummy completely misses you. The mummy misses you.
You barely miss the mummy.
The mummy is moderately damaged.
The mummy closely misses you. The mummy hits you!
Ouch! That really hurt!
You hit the mummy.
The mummy is heavily damaged.
You hit the mummy but do no damage.
The mummy is heavily damaged.
The mummy hits you!
Ouch! That really hurt!
You die...

#... .....# #.. #8.##.# #...
#.....####.. #.. #.# #...#
#.##....#.. .#...... #....##.#
.....# ...©#....©. #......##
#...# ....#......
#......####...#######..#F.##.#
#.#......##..>.....##..#8s##.#
###.#...##....M..###.#...##WJw..
#.............M@..........######
#.........#######...............
##.........# #...........)...
†.......M### #...........####
..8..##..# #...<.......#
......#..... #............#
8...8.##.### #...............
.....$##.. #.#............(.
..8...###.. .............#...


You could see 2 mummies.

Vanquished Creatures
  An orc priest (D:3)
  An orc wizard (D:3)
  3 gnolls (D:2)
  4 adders
  A worm (D:3)
  2 dart slugs
  2 orcs (D:3)
  10 ball pythons
  3 endoplasms
  3 giant cockroaches
  6 goblins
  9 hobgoblins
  3 jackals (D:1)
  5 kobolds
  4 quokkas
  4 bats
  2 frilled lizards
  7 rats
70 creatures vanquished.

Notes
Turn   | Place    | Note
-------+----------+-------------------------------------------
     0 | D:1      | Alturiack the Spriggan Venom Mage began the quest for the
                  | Orb.
     0 | D:1      | Reached XP level 1. HP: 9/9 MP: 5/5
   199 | D:1      | Found a faded altar of an unknown god.
   275 | D:1      | Reached XP level 2. HP: 11/13 MP: 0/7
   349 | D:1      | Learned a level 2 spell: Poisonous Vapours
  1617 | D:2      | Reached XP level 3. HP: 16/16 MP: 5/8
  1738 | D:2      | Reached skill level 4 in Poison Magic
  2510 | D:2      | Reached XP level 4. HP: 21/21 MP: 2/10
  3481 | D:3      | Reached skill level 5 in Poison Magic
  3481 | D:3      | Reached XP level 5. HP: 24/24 MP: 0/12
  4327 | D:4      | Found a transporter.
  4367 | D:4      | Learned a level 4 spell: Olgreb's Toxic Radiance
  4403 | D:4      | Found a transporter.
  4405 | D:4      | Noticed Groucho's ghost (amateur DESu)
  4477 | D:4      | Found a sand-covered staircase.
  4501 | Ossuary  | Entered an ossuary
  4564 | D:4      | Slain by a mummy

Illustrated notes

Levels and vault maps discovered:
D:1:      wander_arrival_desolate, layout_basic, ebering_ecumenical_altar_box
D:2:      layout_loops_ring, grunt_decor_one_mirror, fountainhead,
          kennysheep_cross_room
D:3:      layout_basic, hex_tiny
D:4:      layout_rooms, nicolae_ossuary_entry_monument, gammafunk_ghost_arena,
          serial_shops, nicolae_shop_behind_doors, minivault_11

Skill      XL: |  1  2  3  4 |
---------------+-------------+-----
Spellcasting   | 3 4 |  4.5
Poison Magic   | 4 5 |  5.4
Dodging        | |  2.6
Stealth        | |  3.0
Transmutations | |  1.3

Action                   |  1- 3 |  4- 6 || total
-------------------------+-------+-------++-------
Melee: Unarmed           |     2 |       ||     2
       Staff             |    20 |    12 ||    32
 Cast: Sting             |    42 |    48 ||    90
       Poisonous Vapours |    34 |    37 ||    71
Armor: Robe              |    11 |     4 ||    15
Dodge: Dodged            |    75 |    25 ||   100
